 Dungeon Crawl Stone Soup version 0.25-a0-566-g062765be81 (webtiles) character file.

Game seed: 13377777224268225020, levelgen mode: deterministic

13433 Flugslaktarn the Cleaver (level 11, -10/102 (104) HPs)
             Began as a Deep Dwarf Fighter on Feb 28, 2020.
             Was a Priest of Makhleb.
             Mangled by an orc knight
             ... wielding a +0 halberd
              (20 damage)
             ... in a bailey.
             The game lasted 00:07:18 (8003 turns).

Flugslaktarn the Cleaver (Deep Dwarf Fighter)       Turns: 8003, Time: 00:07:19

HP:   -10/102 (104) AC: 29    Str: 26    XL:     11   Next: 75%
MP:   10/10         EV:  7    Int:  8    God:    Makhleb [***...]
Gold: 373           SH:  0    Dex: 12    Spells: 10/10 levels left

rFire    . . .     SeeInvis .   d - +6 executioner's axe (elec)
rCold    . . .     Gourm    .   (shield currently unavailable)
rNeg     . . .     Faith    .   R - +0 plate armour
rPois    .         Spirit   .   H - +0 helmet (curse)
rElec    .         Reflect  .   k - +0 cloak
rCorr    .         Harm     .   x - +2 pair of gloves
MR       ++...                  m - +0 pair of boots
Stlth    ..........             (no amulet)
HPRegen  0.00/turn              a - +4 ring of protection (curse)
MPRegen  0.12/turn              p - +3 ring of protection

@: non-regenerating, lightly drained
A: damage resistance, heal wounds, magic resistance 1, sense surroundings 2,
strong 1, no regeneration
a: Heal Wounds, Minor Destruction, Lesser Servant of Makhleb, Renounce Religion


You were in a bailey.
You worshipped Makhleb.
Makhleb was most pleased with you.
You were not hungry.

You visited 2 branches of the dungeon, and saw 12 of its levels.
You also visited: Bailey.

You collected 711 gold pieces.
You spent 338 gold pieces at shops.

Inventory:

Hand Weapons
 d - a +6 executioner's axe of electrocution (weapon)
   (You bought it in a shop on level 8 of the Dungeon)
 M - a +0 battleaxe of flaming
   (You took it off an orc warrior on level 10 of the Dungeon)
Armour
 c - a +0 kite shield
 k - a +0 cloak (worn)
   (You found it on level 2 of the Dungeon)
 m - a +0 pair of boots (worn)
   (You found it on level 4 of the Dungeon)
 x - a +2 pair of gloves (worn)
   (You found it on level 5 of the Dungeon)
 H - a cursed +0 helmet (worn)
   (You found it on level 8 of the Dungeon)
 R - a +0 plate armour (worn)
   (You took it off an orc warrior on level 9 of the Dungeon)
Jewellery
 a - a cursed +4 ring of protection (left hand)
   (You found it on level 2 of the Dungeon)
 b - an uncursed ring of fire {unknown}
   (You found it on level 9 of the Dungeon)
 p - a +3 ring of protection (right hand)
   (You found it on level 4 of the Dungeon)
 v - a +2 ring of evasion
   (You found it on level 5 of the Dungeon)
 A - an uncursed amulet of faith {unknown}
   (You found it on level 5 of the Dungeon)
 C - an uncursed ring of protection from magic {unknown}
   (You found it on level 6 of the Dungeon)
 O - a +3 amulet of reflection {unknown}
   (You found it on level 2 of the Dungeon)
 P - an uncursed ring of fire {unknown}
   (You found it on level 9 of the Dungeon)
Wands
 B - a wand of acid (6)
   (You found it on level 5 of the Dungeon)
 G - a wand of enslavement (4)
   (You found it on level 6 of the Dungeon)
 Q - a wand of clouds (3)
   (You found it on level 9 of the Dungeon)
Scrolls
 g - 3 scrolls of immolation
 q - a scroll of vulnerability {unknown}
 r - 2 scrolls of identify
 s - 3 scrolls of amnesia
 t - 6 scrolls of teleportation
 u - a scroll of fog
 y - a scroll of holy word {unknown}
 z - a scroll of blinking
 D - 3 scrolls of fear
 E - a scroll of enchant armour
 I - 6 scrolls of remove curse
 L - a scroll of silence
 N - a scroll of acquirement {unknown}
 S - a scroll of noise {unknown}
Potions
 f - 2 potions of magic
 h - 3 potions of haste
 i - 3 potions of flight
 j - 3 potions of ambrosia
 l - a potion of brilliance
 n - 3 potions of lignification
 o - a potion of stabbing
 w - 4 potions of heal wounds
 F - a potion of invisibility {unknown}
 J - 2 potions of mutation
Comestibles
 e - 20 rations
 K - 13 chunks of flesh


   Skills:
 + Level 8.5(8.4) Fighting
 * Level 13.2(13.1) Axes
 + Level 10.1(10.0) Armour
 - Level 7.4(7.3) Shields
 + Level 6.7 Invocations


You had 10 spell levels left.
You didn't know any spells.
Your spell library was empty.

Dungeon Overview and Level Annotations

Branches:
Dungeon (11/15)            Temple (1/1) D:5            Lair (0/6) D:11
    Orc (0/2) D:10         Bailey (1/1)

Altars:
Ashenzari
Cheibriados
Dithmenos
Elyvilon
Fedhas
Gozag
Hepliaklqana
Kikubaaqudgha
Makhleb
Nemelex Xobeh
Okawaru
Qazlal
Ru
Sif Muna
Trog
Uskayaw
Vehumet
Wu Jian
Xom
Yredelemnul
Zin
The Shining One

Shops:
D:4 [   D:6 *   D:8 (   D:9 [*[(


Innate Abilities, Weirdness & Mutations

You are resistant to damage.
You can heal yourself by infusing magical energy.
You passively map the area around you.
You do not regenerate.
You are resistant to hostile enchantments. (MR+)
Your muscles are strong. (Str +2)


Message History

There is an open door here.
The orc knight no longer looks unusually strong.
The orc knight roars a battlecry!
The orc knight goes into a battle-frenzy!
The orc knight roars a battlecry!
The orc knight goes into a battle-frenzy!
The orc knight hits you with a +0 halberd.
You slice the orc knight!!
The orc knight is heavily wounded.
The orc knight hits you with a +0 halberd!!
You slash the orc knight!
The orc knight is severely wounded.
The orc knight hits you with a +0 halberd!!
* * * LOW HITPOINT WARNING * * *
The orc knight roars a battlecry!
You closely miss the orc knight.
The orc knight is severely wounded.
The orc knight hits you but does no damage.
The orc knight hits you with a +0 halberd!!
You die...

##.........##
##..≈≈≈≈≈≈≈..##
##..≈≈.....≈≈..##
#..≈≈..###..≈≈..##########
..≈≈..##.##..≈≈..........#
≈≈≈..##.∩.##..≈≈≈≈≈≈≈≈≈≈.#
)...##.....##..........≈.#
####'###'#############.≈.#
#.§.§.....#'.@o..##.≈.#
#..§≈≈≈≈≈≈..##...##..≈.#
#..≈§§...o≈§..##.##..≈≈.#
#..≈≈..§∩⌠oo≈§..#+#..≈≈.##
#..≈≈...⌠..o§≈..#+#..≈≈.∩#
##..≈≈§..§§≈≈§.## ##..≈≈.#
.#+..§§§≈§≈§§.## ##..≈.#
..##..§.§..§§## $$.##.≈.#
########+##### #####.≈.#


You could see 2 orc knights.

Vanquished Creatures
  Nergalle (D:11)
  A wizard (D:9)
  A deep elf mage (D:10)
  Joseph (D:7)
  The ghost of KennyOmg the Chopper, a novice MiBe of Trog (D:6)
  Psyche (D:8)
  A troll (D:9)
  A hippogriff (D:7)
  A vampire (D:10)
  A wraith (D:10)
  A wyvern (D:10)
  A human (D:9)
  4 hogs (D:9)
  14 yaks
  A basilisk (D:11)
  A hungry ghost (D:11)
  Eustachio (D:8)
  A soldier ant (D:10)
  2 porcupines (D:11)
  A water moccasin (D:7)
  10 orc warriors
  3 ice beasts
  A sky beast (D:7)
  A phantom (D:8)
  2 black bears (D:10)
  A necrophage (D:10)
  8 centaurs
  2 ogres (D:4)
  4 crocodiles
  3 big kobolds
  Blork the orc (D:8)
  A gnoll sergeant (D:8)
  7 bullfrogs
  7 scorpions
  7 killer bees (D:10)
  11 wights
  2 howler monkeys
  5 crimson imps
  3 quasits
  A bullfrog zombie (D:7)
  3 bullfrog skeletons
  5 orc priests
  9 hounds
  4 jellies
  11 orc wizards
  3 iguanas
  5 worker ants
  A howler monkey zombie (D:6)
  A howler monkey skeleton (D:8)
  21 adders
  15 gnolls
  2 shadow imps
  An ooze (D:3)
  An adder zombie (D:7)
  4 adder skeletons
  2 worms (D:4)
  3 dart slugs
  6 leopard geckos
  38 orcs
  2 ball pythons (D:3)
  10 bats
  2 giant cockroaches
  3 goblins (D:3)
  3 hobgoblins
  6 jackals
  17 kobolds
  4 quokkas
  5 frilled lizards
  2 quokka skeletons
  4 rats
  A fungus (D:4)
311 creatures vanquished.

Vanquished Creatures (others)
  An orc wizard (D:7)
  2 orcs
  4 fungi (D:4)
  3 toadstools (D:3)
10 creatures vanquished.

Grand Total: 321 creatures vanquished

Notes
Turn   | Place    | Note
-------+----------+-------------------------------------------
     0 | D:1      | Flugslaktarn the Deep Dwarf Fighter began the quest for the
                  | Orb.
     0 | D:1      | Reached XP level 1. HP: 20/20 MP: 1/1
   126 | D:1      | Reached XP level 2. HP: 24/27 MP: 2/2
   464 | D:3      | Reached skill level 3 in Axes
   464 | D:3      | Reached XP level 3. HP: 30/34 MP: 3/3
   599 | D:4      | Reached XP level 4. HP: 34/42 MP: 4/4
   614 | D:4      | Noticed an ogre
   661 | D:4      | HP: 1/42 [ogre/+0 giant club (23)]
   667 | D:4      | Killed an ogre
   667 | D:4      | Reached skill level 4 in Axes
   667 | D:4      | Reached XP level 5. HP: 46/49 MP: 4/4
   747 | D:4      | Found a sparkling altar of Nemelex Xobeh.
   904 | D:4      | Found Gorirai's Antique Armour Shoppe.
   982 | D:4      | Reached XP level 6. HP: 47/57 MP: 5/5
   992 | D:4      | Reached skill level 5 in Axes
  1103 | D:4      | Reached XP level 7. HP: 54/64 MP: 6/6
  1170 | D:4      | You fall into a shaft and drop 1 floor!
  1170 | D:5      | Entered Level 5 of the Dungeon
  1178 | D:5      | Reached skill level 5 in Armour
  1180 | D:5      | Reached skill level 5 in Shields
  1200 | D:5      | Found a staircase to the Ecumenical Temple.
  1230 | Temple   | Entered the Ecumenical Temple
  2159 | D:4      | Found the +7 Singing Sword {vorpal, sonic wave}
  2165 | D:4      | Reached skill level 6 in Axes
  2387 | D:6      | Found a sparkling altar of Nemelex Xobeh.
  2404 | D:6      | Found an opulent altar of Gozag.
  2406 | D:6      | Found Gozag's Platinum Reserve.
  2664 | D:6      | Found a large runed translucent door.
  2665 | D:6      | Found a large runed translucent door.
  2673 | D:6      | Reached XP level 8. HP: 54/73 MP: 6/6
  2710 | D:6      | Noticed KennyOmg's ghost (novice MiBe)
  2973 | D:6      | Killed KennyOmg's ghost
  2973 | D:6      | Reached skill level 7 in Axes
  3058 | D:7      | Reached skill level 5 in Fighting
  3122 | D:7      | Reached skill level 8 in Axes
  3267 | D:7      | Gained mutation: You passively map the area around you.
                  | [Deep Dwarf growth]
  3267 | D:7      | Reached XP level 9. HP: 65/81 MP: 7/7
  3294 | D:7      | Noticed Joseph
  3311 | D:7      | Killed Joseph
  3311 | D:7      | Reached skill level 9 in Axes
  3607 | D:8      | Found Natoha's Antique Weapon Shop.
  3866 | D:8      | Noticed Eustachio
  3868 | D:8      | Noticed Blork the orc
  3901 | D:8      | Killed Eustachio
  3901 | D:8      | Reached skill level 10 in Axes
  3902 | D:8      | Killed Blork the orc
  4051 | D:8      | Noticed Psyche
  4063 | D:8      | Killed Psyche
  4063 | D:8      | Reached XP level 10. HP: 40/92 MP: 8/8
  4424 | D:8      | Bought a runed executioner's axe for 338 gold pieces
  5410 | D:2      | Found a burning altar of Makhleb.
  5420 | D:2      | Became a worshipper of Makhleb the Destroyer
  5801 | D:9      | Reached skill level 11 in Axes
  5801 | D:9      | Reached skill level 1 in Invocations
  5956 | D:9      | HP: 1/94 [orc warrior/+0 glaive (16)]
  5968 | D:9      | Found Farenown's Weapon Shop.
  5970 | D:9      | Found a glowing silver altar of Zin.
  5971 | D:9      | Found a blossoming altar of Fedhas.
  5975 | D:9      | Found a radiant altar of Vehumet.
  5975 | D:9      | Found an iron altar of Okawaru.
  5977 | D:9      | Found a sacrificial altar of Ru.
  6029 | D:9      | Gained mutation: You are resistant to hostile enchantments.
                  | (MR+) [potion of mutation]
  6029 | D:9      | Gained mutation: Your muscles are strong. (Str +2) [potion
                  | of mutation]
  6044 | D:9      | Found Raisocin's Assorted Antiques.
  6047 | D:9      | Reached * piety under Makhleb
  6071 | D:9      | Found Ticavvib's Armour Emporium.
  6373 | D:9      | Noticed a wizard
  6402 | D:9      | Killed a wizard
  6402 | D:9      | Reached skill level 12 in Axes
  6402 | D:9      | Reached XP level 11. HP: 80/102 MP: 8/8
  6588 | D:9      | Found Iserph's Antique Armour Shoppe.
  6720 | D:10     | Entered Level 10 of the Dungeon
  7018 | D:10     | Reached skill level 5 in Invocations
  7023 | D:10     | Reached ** piety under Makhleb
  7114 | D:10     | Found a staircase to the Orcish Mines.
  7224 | D:10     | Noticed a deep elf mage
  7236 | D:10     | Killed a deep elf mage
  7467 | D:11     | Reached *** piety under Makhleb
  7639 | D:11     | Reached skill level 13 in Axes
  7640 | D:11     | Reached skill level 10 in Armour
  7649 | D:11     | Found a staircase to the Lair.
  7659 | D:11     | Noticed Nergalle
  7662 | D:11     | Noticed a spectral orc warlord
  7669 | D:11     | Killed Nergalle
  7799 | D:11     | Found a flagged portal.
  7805 | Bailey   | Entered a bailey
  7872 | Bailey   | Noticed an orc knight
  7982 | Bailey   | Noticed an orc knight
  7982 | Bailey   | Noticed an orc knight
  7982 | Bailey   | Noticed an orc knight
  7997 | Bailey   | Noticed an orc knight
  8003 | Bailey   | Mangled by an orc knight

Levels and vault maps discovered:
D:1:      denvon_arrival_planthouse, layout_basic, minmay_tiny_reverse_x
D:2:      layout_loops_ring, makhleb_heckhound_becter, serial_glass,
          glass_columns_a, glass_columns_a, minmay_strange_pillars,
          minmay_strange_pillars, minmay_strange_pillars, feat_on_display
D:3:      layout_rooms, first_ration, minmay_gold_behind_fungi,
          minmay_misc_feat_chi, hangedman_decor_slide_cut
D:4:      old_forge, layout_basic, serial_shops, nicolae_shop_trees,
          nemelex_lonely_heart_becter
D:5:      layout_basic, minmay_temple_entry_glassed_door
D:6:      layout_loops_ring, nicolae_gozag_zags_fifth_avenue,
          ebering_ghost_disaster_area, nemelex_xobeh_ov_fountains_minmay
D:7:      layout_rooms, uniq_joseph
D:8:      cheibrodos_barr_body, layout_layer_cave, serial_shops, shop,
          sword_in_stone, uniq_psyche
D:9:      layout_cave_pods, grunt_temple_overflow_open, serial_shops,
          kennysheep_little_box, shop, shop, nicolae_shop_window_shopping,
          grunt_livestock, lightli_wizard_tower
D:10:     minmay_angry_zag, layout_basic, david_orc_4
D:11:     layout_irregular_city, minmay_lair_entry_grove, enter_bailey_2,
          evilmike_butchery, uniq_erolcha, uniq_nergalle
Temple:   regret_index_temple_generic_petals
Bailey:   bailey_polearm_1, bailey

Skill      XL: |  1  2  3  4  5  6  7  8  9 10 11 |
---------------+----------------------------------+-----
Fighting       | 3 4 5 6 7 8 |  8.5
Axes           | 3 4 5 6 8 10 12 13 | 13.2
Armour         | 4 5 6 7 9 10 | 10.1
Shields        | 4 5 6 7 |  7.4
Invocations    | 4 6 |  6.7

Action                   |  1- 3 |  4- 6 |  7- 9 | 10-12 || total
-------------------------+-------+-------+-------+-------++-------
Melee: War axe           |    95 |   140 |   394 |    42 ||   671
       Executioner's axe |       |       |       |   364 ||   364
 Abil: Heal Wounds       |     1 |     6 |    11 |    13 ||    31
  Use: Scroll            |       |     2 |       |    25 ||    27
       Potion            |       |       |     2 |     2 ||     4
  Eat: Chunk             |       |     1 |     7 |    15 ||    23
       Ration            |       |       |     1 |     1 ||     2
Armor: Scale mail        |    47 |    72 |   320 |   110 ||   549
       Plate armour      |       |       |       |   345 ||   345
Dodge: Dodged            |    38 |    45 |   176 |   240 ||   499
Block: Kite shield       |    64 |    86 |   295 |    29 ||   474

Table legend:
 A = Non-vault XP
 B = Vault XP
 C = Vault XP percentage of total XP
 D = Non-vault monster count
 E = Vault monster count
 F = Vault count percentage of total count
                 A         B        C        D         E       F
            +---------+---------+-------+---------+---------+-------
      Total |   10972 |    8218 |  42.8 |     231 |      79 |  25.5
            +---------+---------+-------+---------+---------+-------
        D:1 |      22 |       0 |   0.0 |      10 |       0 |   0.0
        D:2 |      21 |      40 |  65.6 |       5 |       1 |  16.7
        D:3 |      59 |       0 |   0.0 |      19 |       0 |   0.0
        D:4 |     475 |     236 |  33.2 |      26 |      10 |  27.8
        D:5 |     242 |       0 |   0.0 |      13 |       0 |   0.0
        D:6 |     406 |     454 |  52.8 |      11 |       1 |   8.3
        D:7 |    1728 |     471 |  21.4 |      42 |       1 |   2.3
        D:8 |     918 |    1805 |  66.3 |      31 |      18 |  36.7
        D:9 |    3223 |    1708 |  34.6 |      32 |       7 |  17.9
       D:10 |    2983 |     836 |  21.9 |      31 |      18 |  36.7
       D:11 |     895 |    2638 |  74.7 |      11 |      13 |  54.2
     Bailey |       0 |      30 | 100.0 |       0 |      10 | 100.0
            +---------+---------+-------+---------+---------+-------
